 Dungeon Crawl Stone Soup version 0.18.1-50-g88ac8fd (webtiles) character file.

16804 unrecovered the Arsonist (level 12, -7/59 HPs)
             Began as a High Elf Fire Elementalist on Oct 27, 2016.
             Was the Champion of Sif Muna.
             Hit by a javelin thrown by Urug (18 damage)
             ... on level 2 of the Lair of Beasts.
             The game lasted 01:42:56 (20279 turns).

unrecovered the Arsonist (HEFE)                    Turns: 20279, Time: 01:42:56

Health: -7/59      AC:  8    Str:  9    XL:     12   Next: 13%
Magic:  29/34      EV: 16    Int: 25    God:    Sif Muna [******]
Gold:   343        SH:  0    Dex: 18    Spells: 6 memorised, 12 levels left

rFire  . . .     SeeInvis .     h - +0 dagger (pain)
rCold  . . .     Gourm    .     a - +0 robe
rNeg   . . .     Faith    .     (no shield)
rPois  +         Spirit   .     r - +0 helmet
rElec  +         Dismiss  .     (no cloak)
rCorr  .         Reflect  .     z - +0 pair of gloves
SustAt .         Harm     .     l - +2 pair of boots
MR     +....                    E - amulet of magic regeneration
Stlth  +++++.....               H - ring of magical power
                                i - +2 ring of strength

@: somewhat resistant to hostile enchantments, quite stealthy
A: claws 1, hooves 1, molten scales 1, clever 1, frail 1, sense surroundings 2,
poison resistance, electricity resistance
a: Channel Energy, Forget Spell, Renounce Religion


You were on level 2 of the Lair of Beasts.
You worshipped Sif Muna.
Sif Muna was exalted by your worship.
You were not hungry.

You visited 2 branches of the dungeon, and saw 13 of its levels.
You also visited: Bailey and Ice Cave.

You collected 768 gold pieces.
You spent 425 gold pieces at shops.

Inventory:

Hand Weapons
 e - a +0 dagger
 h - a +0 dagger of pain (weapon)
 k - a +2 dagger of freezing
Armour
 a - a +0 robe (worn)
 l - a +2 pair of boots (worn)
 r - a +0 helmet (worn)
 z - a +0 pair of gloves (worn)
Jewellery
 i - a +2 ring of strength (left hand)
 E - an amulet of magic regeneration (around neck)
 H - a ring of magical power (right hand)
Wands
 u - a wand of flame (12/48)
 w - a wand of confusion (20/48)
 y - a wand of polymorph (16/24)
Scrolls
 b - a scroll of amnesia {unknown}
 d - a scroll of immolation {unknown}
 f - 8 scrolls of remove curse
 q - 2 scrolls of blinking
 v - 2 scrolls of magic mapping {unknown}
 G - a scroll of enchant armour {unknown}
 M - a scroll of brand weapon {unknown}
Potions
 g - a potion of degeneration {unknown}
 j - a potion of brilliance
 m - a potion of experience {unknown}
 n - 5 potions of curing
 t - 2 potions of agility
 x - a potion of resistance
 A - 2 potions of haste
 B - a potion of beneficial mutation {unknown}
 D - a potion of cancellation
Comestibles
 c - 8 bread rations
 s - 5 meat rations
 C - 16 fruits


   Skills:
 + Level 5.7 Dodging
 + Level 9.6 Stealth
 + Level 8.9 Spellcasting
 + Level 10.9 Conjurations
 * Level 11.8 Fire Magic
 + Level 5.3 Invocations


You had 12 spell levels left.
You knew the following spells:

 Your Spells              Type           Power        Failure   Level  Hunger
a - Flame Tongue          Conj/Fire      #####        1%          1    None
b - Throw Flame           Conj/Fire      ######       1%          2    None
c - Conjure Flame         Conj/Fire      ######..     1%          3    None
d - Sticky Flame          Conj/Fire      ######..     1%          4    ##.....
e - Fireball              Conj/Fire      ######....   1%          5    ####...
f - Apportation           Tloc           ##........   8%          1    None


Dungeon Overview and Level Annotations

Branches:
Dungeon (11/15)            Temple (0/1) D:5            Lair (2/8) D:9
    Orc (0/2) D:9

Altars:
Ashenzari
Elyvilon
Fedhas
Gozag
Kikubaaqudgha
Makhleb
Nemelex Xobeh
Pakellas
Sif Muna
Xom
Yredelemnul
Zin
The Shining One

Shops:
D:6 *   D:8 [(:!   D:9 (   D:10 (

Annotations:
D:11 Reauxgg's ghost, journeyman HOBe
Lair:2 Harold; Urug


Innate Abilities, Weirdness & Mutations

You have sharp fingernails.
You have large cloven feet.
You are partially covered in molten scales (AC +1).
Your mind is acute. (Int +2)
You are frail (-10% HP).
You passively map the area around you.
Your system is resistant to poisons.
You are resistant to electric shocks.


Message History

Aiming: Fireball
Press: ? - help, Shift-Dir - straight line, f/p - Harold
Aim: Harold, wielding a war axe and wearing a shiny ring mail (blue smoke, severely wounded)
The fireball explodes!
The fireball engulfs Harold.
Harold is almost dead.
The fireball engulfs the plant.
The plant is moderately damaged.
You are feeling very hungry.
Your surroundings suddenly seem different.
Found a hand axe.
Eat a chunk of flesh? (ye/n/q/i?) This raw flesh tastes terrible.
You continue eating. x2
You start resting.
Urug the Orcish Ballista comes into view.
He is wielding a war axe.
A porcupine comes into view.
Urug throws a javelin.
The javelin completely misses you.
Found 17 gold pieces.
Urug throws a javelin.
The javelin hits you!!
You die...

......## #.#####....# *
, .......# , * #Po..# ,
#.....#. * * #...#.....
,*, * #.....# ,
#P..##.... , #.....# , ,
##..# ...., ,,,*
......## , ,,#...# ...,
* #......#, ,,, ##..# ..
, #.....## * * #...# ,*
.......# ### #@..#* * ,,
#.....P####P###.#.......
, ,
#.......................
, , *
........................
,
........................
,
......P##.#'P...........
,
......#####.###......r..
,,,
......####...##......##.
, * .#.#...#≈...##* * *
*


You could see Urug and a porcupine (sleeping).

Vanquished Creatures
  2 hydras
  2 hill giants
  A manticore (D:8)
  A necromancer (IceCv)
  4 ice statues (IceCv)
  An elephant (D:9)
  3 spiny frogs
  8 ice devils (IceCv)
  A two-headed ogre (D:8)
  4 trolls
  A shadow (D:11)
  A wyvern (D:9)
  2 hogs (D:7)
  9 yaks
  A human (D:7)
  2 hungry ghosts
  A hippogriff (Lair:2)
  A water moccasin (D:7)
  2 porcupines
  5 orc warriors
  An ice beast (D:7)
  2 wasps (D:9)
  2 phantoms
  A sky beast (D:7)
  2 necrophages
  7 ogres
  3 centaurs
  A crocodile (Lair:2)
  12 giant frogs
  3 scorpions
  A wyvern skeleton (D:7)
  3 wights (D:9)
  7 killer bees
  2 howler monkeys (D:10)
  An electric eel (D:9)
  5 crimson imps
  A giant frog zombie (D:5)
  A draconian simulacrum (IceCv)
  2 jellies
  2 hounds
  5 orc priests
  4 centaur skeletons
  Terence (D:3)
  4 iguanas
  8 orc wizards
  2 spriggan simulacra (IceCv)
  10 worker ants
  4 sheep
  4 troll simulacra (IceCv)
  2 centaur simulacra (IceCv)
  A hound zombie (D:5)
  2 worker ant zombies (D:8)
  2 howler monkey zombies
  12 adders
  An ogre simulacrum (IceCv)
  8 river rats (Lair:2)
  A shadow imp (D:7)
  12 white imps (Lair:1)
  An ooze (D:5)
  2 adder skeletons (D:5)
  2 worms
  2 dart slugs
  6 giant geckos
  37 orcs
  7 giant cockroaches
  10 goblins
  6 hobgoblins
  18 jackals
  17 kobolds
  3 quokkas
  2 ball pythons
  7 bats
  A giant gecko skeleton (D:6)
  A giant gecko zombie (D:5)
  7 giant newts
  A quokka zombie (D:3)
  6 rats
  A spectral orc (D:5)
  6 plants (D:9)
337 creatures vanquished.

Vanquished Creatures (others)
  A bat (D:1)
  A kobold (D:1)
2 creatures vanquished.

Grand Total: 339 creatures vanquished

Notes
Turn   | Place    | Note
--------------------------------------------------------------
     0 | D:1      | unrecovered the High Elf Fire Elementalist began the quest for the Orb.
     0 | D:1      | Reached XP level 1. HP: 11/11 MP: 4/4
   412 | D:1      | Reached XP level 2. HP: 17/17 MP: 0/6
   491 | D:1      | Learned a level 2 spell: Throw Flame
  1105 | D:1      | Reached XP level 3. HP: 10/21 MP: 8/8
  1126 | D:1      | Learned a level 3 spell: Conjure Flame
  2064 | D:2      | Reached XP level 4. HP: 13/27 MP: 0/9
  2392 | D:2      | Found a faded altar to an unknown god.
  2760 | D:2      | Found a deep blue altar of Sif Muna.
  2767 | D:2      | Became a worshipper of Sif Muna the Loreminder
  3279 | D:3      | Noticed Terence
  3898 | D:3      | Reached skill level 4 in Fire Magic
  3898 | D:3      | Reached XP level 5. HP: 31/31 MP: 4/10
  4030 | D:3      | Found an oddly glowing altar of Pakellas.
  4037 | D:3      | Found a shattered altar of Ashenzari.
  4043 | D:3      | Learned a level 4 spell: Sticky Flame
  4048 | D:3      | Found a burning altar of Makhleb.
  4055 | D:3      | Found a blossoming altar of Fedhas.
  4062 | D:3      | Found a white marble altar of Elyvilon.
  4066 | D:3      | Found an ancient bone altar of Kikubaaqudgha.
  4077 | D:3      | Found a sparkling altar of Nemelex Xobeh.
  4307 | D:3      | Killed Terence
  4638 | D:3      | Noticed an ogre
  4648 | D:3      | Killed an ogre
  4648 | D:3      | Reached * piety under Sif Muna
  4648 | D:3      | Reached XP level 6. HP: 36/36 MP: 0/12
  5560 | D:4      | Reached skill level 5 in Fire Magic
  6342 | D:4      | Gained mutation: You are clumsy. (Dex -2) [potion of mutation]
  6342 | D:4      | Gained mutation: You are frail (-10% HP). [potion of mutation]
  6342 | D:4      | Gained mutation: You are partially covered in molten scales (AC +1). [potion of mutation]
  6373 | D:4      | Reached XP level 7. HP: 36/36 MP: 8/13
  6394 | D:4      | Reached skill level 5 in Conjurations
  6887 | D:5      | Entered Level 5 of the Dungeon
  6943 | D:5      | Found a staircase to the Ecumenical Temple.
  7622 | D:5      | Found a sparkling altar of Nemelex Xobeh.
  7706 | D:5      | Reached skill level 6 in Fire Magic
  7817 | D:5      | Reached ** piety under Sif Muna
  7862 | D:5      | Found a basalt altar of Yredelemnul.
  8360 | D:6      | Found Eleptaf's General Store.
  8366 | D:6      | Bought a scroll of identify for 26 gold pieces
  8394 | D:6      | Reached XP level 8. HP: 16/41 MP: 8/15
  8588 | D:6      | Learned a level 5 spell: Fireball
  8891 | D:6      | Reached skill level 5 in Stealth
  9291 | D:6      | Found a glowing golden altar of the Shining One.
  9966 | D:7      | Found an opulent altar of Gozag.
 10018 | D:7      | Reached skill level 7 in Fire Magic
 10030 | D:7      | Gained mutation: You are very frail (-20% HP). [potion of mutation]
 10030 | D:7      | Gained mutation: You expend magic power (3 MP) to strengthen your wands. [potion of mutation]
 10030 | D:7      | Gained mutation: You passively map a small area around you. [potion of mutation]
 10119 | D:7      | Reached skill level 5 in Spellcasting
 10280 | D:7      | Reached *** piety under Sif Muna
 10587 | D:7      | Reached XP level 9. HP: 24/40 MP: 10/18
 11227 | D:7      | Reached skill level 8 in Fire Magic
 12012 | D:7      | Reached **** piety under Sif Muna
 12018 | D:7      | Gained mutation: You have large cloven feet. [mutagenic meat]
 12020 | D:7      | Gained mutation: You are resistant to electric shocks. [mutagenic meat]
 12499 | D:8      | Found a flagged portal.
 12668 | Bailey   | Entered a bailey
 12671 | Bailey   | Noticed an orc knight
 12688 | Bailey   | Noticed an orc knight
 12877 | D:8      | Reached ***** piety under Sif Muna
 12877 | D:8      | Reached skill level 9 in Fire Magic
 13243 | D:8      | Found Ysext's Antique Weapon Boutique.
 13307 | D:8      | Found an opulent altar of Gozag.
 13325 | D:8      | Found Ithixak's Armour Shoppe.
 13325 | D:8      | Noticed a manticore
 13342 | D:8      | Killed a manticore
 13342 | D:8      | Reached XP level 10. HP: 4/44 MP: 0/21
 13429 | D:8      | Bought a +0 helmet for 49 gold pieces
 13429 | D:8      | Bought a +0 pair of gloves for 49 gold pieces
 13887 | D:8      | Found Yxitieq's Book Shoppe.
 14057 | D:8      | Found Eckotwock's Distillery.
 14065 | D:8      | Bought a potion of heal wounds for 70 gold pieces
 14065 | D:8      | Bought a potion of mutation for 35 gold pieces
 14065 | D:8      | Bought 2 potions of mutation for 70 gold pieces
 14065 | D:8      | Bought 2 potions of mutation for 70 gold pieces
 14065 | D:8      | Bought a potion of agility for 56 gold pieces
 14065 | D:8      | Gained mutation: Your mind is acute. (Int +2) [potion of mutation]
 14065 | D:8      | Gained mutation: You have a pair of small horns on your head. [potion of mutation]
 14065 | D:8      | Lost mutation: You are very frail (-20% HP). [potion of mutation]
 14066 | D:8      | Lost mutation: You have a pair of small horns on your head. [potion of mutation]
 14066 | D:8      | Gained mutation: You are partially covered in rugged brown scales (AC +1, +3% HP). [potion of mutation]
 14067 | D:8      | Gained mutation: You passively map the area around you. [potion of mutation]
 14068 | D:8      | Gained mutation: You have sharp fingernails. [potion of mutation]
 14068 | D:8      | Lost mutation: You expend magic power (3 MP) to strengthen your wands. [potion of mutation]
 14068 | D:8      | Gained mutation: Your system is resistant to poisons. [potion of mutation]
 14069 | D:8      | Lost mutation: You are partially covered in rugged brown scales (AC +1, +3% HP). [potion of mutation]
 14069 | D:8      | Lost mutation: You are clumsy. (Dex -2) [potion of mutation]
 14116 | D:9      | Found Rem Pyn's Antique Weapon Emporium.
 14116 | D:9      | Found a staircase to the Orcish Mines.
 14143 | D:9      | Found a glowing silver altar of Zin.
 14143 | D:9      | Noticed an angel
 14216 | D:9      | Noticed an elephant
 14217 | D:9      | Found a staircase to the Lair.
 14533 | D:9      | Killed an elephant
 14533 | D:9      | Reached skill level 1 in Invocations
 15058 | D:9      | Found a shimmering altar of Xom.
 15453 | D:10     | Entered Level 10 of the Dungeon
 15481 | D:10     | Reached skill level 10 in Fire Magic
 15527 | D:10     | Noticed a hill giant
 15833 | D:10     | Killed a hill giant
 15843 | D:10     | Reached skill level 10 in Conjurations
 15874 | D:10     | Reached XP level 11. HP: 51/53 MP: 4/23
 16342 | D:10     | Found Liatut's Weapon Boutique.
 16919 | D:11     | Noticed a hill giant
 16931 | D:11     | Killed a hill giant
 16931 | D:11     | Reached ****** piety under Sif Muna
 16931 | D:11     | Received a gift from Sif Muna
 16932 | D:11     | Identified Sif Muna's Collected Works on Excruciating Enhancements (Sif Muna gifted it to you on level 11 of the Dungeon)
 17222 | D:11     | Noticed a five-headed hydra
 17238 | D:11     | Killed a five-headed hydra
 17486 | D:11     | Noticed Reauxgg's ghost (journeyman HOBe)
 17679 | Lair:1   | Entered Level 1 of the Lair of Beasts
 17679 | Lair:1   | Found a frozen archway.
 17763 | IceCv    | Entered an ice cave
 17836 | IceCv    | Reached skill level 11 in Fire Magic
 17930 | IceCv    | Reached skill level 5 in Dodging
 18061 | IceCv    | Noticed a necromancer
 18069 | IceCv    | Killed a necromancer
 18625 | Lair:1   | Learned a level 1 spell: Apportation
 18833 | Lair:1   | Noticed a six-headed hydra
 18845 | Lair:1   | Killed a six-headed hydra
 18990 | Lair:1   | Reached skill level 5 in Invocations
 18990 | Lair:1   | Reached XP level 12. HP: 34/58 MP: 20/25
 19765 | Lair:2   | Noticed Harold
 20270 | Lair:2   | Noticed Urug
 20279 | Lair:2   | Hit by a javelin thrown by Urug

Skill      XL: |  1  2  3  4  5  6  7  8  9 10 11 |
---------------+----------------------------------+-----
Conjurations   | 2 3 4 6 7 9 10 | 10.9
Stealth        | 3 4 6 7 8 9 |  9.6
Spellcasting   | 3 4 5 6 7 8 |  8.9
Fire Magic     | 4 5 6 7 9 10 11 | 11.8
Invocations    | 2 5 |  5.3
Dodging        | 3 5 |  5.7

Action                   |  1- 3 |  4- 6 |  7- 9 | 10-12 || total
-------------------------+-------+-------+-------+-------++-------
Melee: Unarmed           |    20 |       |       |       ||    20
       Dagger            |    81 |   121 |   361 |   161 ||   724
 Cast: Flame Tongue      |    40 |    36 |    42 |    39 ||   157
       Throw Flame       |    14 |    51 |    77 |    62 ||   204
       Conjure Flame     |       |     3 |     2 |     3 ||     8
       Sticky Flame      |       |     2 |    30 |    55 ||    87
       Fireball          |       |       |     7 |    74 ||    81
Invok: Channel Energy    |       |       |       |    12 ||    12
Evoke: Wand              |       |       |     2 |     8 ||    10
  Use: Scroll            |       |     9 |     2 |    13 ||    24
       Potion            |       |     2 |     3 |     7 ||    12
 Stab: Sleeping          |     5 |     5 |    10 |    13 ||    33
       Confused          |       |       |     1 |     1 ||     2
  Eat: Chunk             |     4 |    14 |    28 |    25 ||    71
       Royal jelly       |       |     1 |       |     2 ||     3
       Pizza             |       |       |     1 |     8 ||     9
       Bread ration      |       |       |     1 |       ||     1
       Beef jerky        |       |       |     2 |     1 ||     3
Armor: Robe              |    29 |    26 |   104 |    43 ||   202
Dodge: Dodged            |   122 |    98 |   268 |   165 ||   653
